 Dungeon Crawl Stone Soup version 0.28-a0-206-gc2c9e32840 (webtiles) character file.

Game seed: 4439636069515975937

42 frimble the Digger (level 3, -2/26 HPs)
             Began as a Minotaur Earth Elementalist on Aug 21, 2021.
             Killed by nerve-wracking pain
             ... invoked by Jessica
              (10 damage)
             ... on level 2 of the Dungeon.
             The game lasted 00:01:53 (1895 turns).

frimble the Digger (Minotaur Earth Elementalist)    Turns: 1895, Time: 00:01:54

Health: -2/26      AC:  2    Str: 12    XL:     3   Next: 33%
Magic:  0/4        EV: 12    Int: 13    God:
Gold:   53         SH:  0    Dex: 10    Spells: 3/4 levels left

rFire   . . .      SeeInvis .   d - +0 short sword
rCold   . . .      Faith    .   (no shield)
rNeg    . . .      Spirit   .   b - +0 robe
rPois   .          Reflect  .   (helmet restricted)
rElec   .          Harm     .   (no cloak)
rCorr   .          Rampage  .   (no gloves)
Will    .....                   (no boots)
Stlth   ++........              (no amulet)
HPRegen 0.08/turn               h - ring of wizardry
MPRegen 0.09/turn               (no ring)

@: no status effects
A: horns 2, retaliatory headbutt
a: no special abilities


You were on level 2 of the Dungeon.
You visited 1 branch of the dungeon, and saw 2 of its levels.

You collected 53 gold pieces.

Inventory:

Hand Weapons
 d - a +0 short sword (weapon)
Missiles
 c - 26 stones (quivered)
Armour
 b - a +0 robe (worn)
Jewellery
 h - a ring of wizardry (left hand)
Scrolls
 e - a scroll of identify {unknown}
Potions
 a - a potion of heal wounds {unknown}
 f - a potion of haste {unknown}
 g - a potion of berserk rage {unknown}
 i - a potion of curing {unknown}


   Skills:
 + Level 2.0 Short Blades
 - Level 2.2 Dodging
 - Level 1.6 Stealth
 - Level 1.4 Spellcasting
 - Level 0.9 Transmutations
 + Level 3.0 Earth Magic


You had 3 spell levels left.
You knew the following spells:

 Your Spells              Type           Power      Damage    Failure   Level
a - Sandblast             Erth           16%        2d6       3%          1

Your spell library contained the following spells:

 Spells                   Type           Power      Damage    Failure   Level
 Passwall                 Tmut/Erth      5%         N/A       8%          2
 Stone Arrow              Conj/Erth      8%         3d7       17%         3
 Petrify                  Tmut/Erth      6%         N/A       41%         4


Dungeon Overview and Level Annotations

Branches:
Dungeon (2/15)

Altars:

Shops:
D:2 *

Annotations:
D:2 Jessica


Innate Abilities, Weirdness & Mutations

You have a pair of horns on your head.
You reflexively headbutt those who attack you in melee.


Message History

Press: ? - help, Shift-Dir - straight line, f - quokka
Aim: a quokka (69% to hit)
The blast of sand misses the quokka.
The quokka bites you.
* * * LOW HITPOINT WARNING * * *
The quokka barely misses you.
Casting: Sandblast (safe; 3% risk of failure)
Confirm with . or Enter, or press ? or * to list all spells.
Aiming: Sandblast (safe; 3% risk of failure)
Press: ? - help, Shift-Dir - straight line, f/p - quokka
Aim: a quokka (69% to hit)
The blast of sand misses the quokka.
The quokka closely misses you.
Casting: Sandblast (safe; 3% risk of failure)
Confirm with . or Enter, or press ? or * to list all spells.
Aiming: Sandblast (safe; 3% risk of failure)
Press: ? - help, Shift-Dir - straight line, f/p - quokka
Aim: a quokka (69% to hit)
The blast of sand hits the quokka.
The quokka is moderately wounded.
The quokka barely misses you. You furiously retaliate!
You headbutt the quokka!
You kill the quokka!
Casting: Sandblast (safe; 3% risk of failure)
Confirm with . or Enter, or press ? or * to list all spells.
Aiming: Sandblast (safe; 3% risk of failure)
Press: ? - help, Shift-Dir - straight line, f - Jessica
Aim: Jessica, wielding a +0 dagger, wearing a +0 robe and carrying a wand of flame (14) (78% to hit)
The blast of sand hits Jessica!
Jessica is almost dead.
Jessica zaps a wand.
The puff of flame misses you.
You aren't carrying any items that you can evoke.
Okay, then.
Unknown command.
Throw: 27 stones
Press: ? - help, Q - select action, (/) - cycle Shift-Dir - straight line, f/p - Jessica
Aim: Jessica, wielding a +0 dagger, wearing a +0 robe and carrying a wand of flame (13) (almost dead, 54% to hit)
You throw a stone.
The stone hits Jessica but does no damage.
Jessica is almost dead.
Jessica gestures at you while chanting. Pain shoots through your body!
You die...

##..........#
#....#####..##
#...##...##..#
#.####...#....!#..#
#........#!...?#..#
#.#####..#?...?#..#
##+# #..##.@.##..#
##...##
##..##†##..##
##.....##
##...@...##
##.......##
##.....##
#.........###....###
+.................#
#..........##.....#
#.......#.##.#.#.#
##.....##.##.###.#
##...###.##.. .#
##'## #.....


You could see Jessica.

Vanquished Creatures
  A worm (D:2)
  2 dart slugs (D:1)
  3 endoplasms
  A giant cockroach (D:1)
  3 hobgoblins (D:1)
  2 jackals (D:1)
  A quokka (D:2)
  4 ball pythons
  7 bats
  A frilled lizard (D:2)
  A goblin (D:1)
  5 kobolds (D:1)
  4 rats
35 creatures vanquished.

Notes
Turn   | Place    | Note
-------+----------+-------------------------------------------
     0 | D:1      | frimble the Minotaur Earth Elementalist began the quest for
                  | the Orb.
     0 | D:1      | Reached XP level 1. HP: 14/14 MP: 1/1
   366 | D:1      | Reached XP level 2. HP: 20/20 MP: 3/3
   393 | D:1      | Reached skill level 1 in Short Blades
  1190 | D:1      | You fall into a shaft and drop 1 floor!
  1233 | D:2      | Reached XP level 3. HP: 26/26 MP: 4/4
  1668 | D:2      | Found Fimeag's General Store.
  1695 | D:2      | Reached skill level 3 in Earth Magic
  1883 | D:2      | Noticed Jessica
  1895 | D:2      | Killed from afar by Jessica

Illustrated notes

Levels and vault maps discovered:
D:1:      nzn_arrival_water_spiral, layout_loops_cross, minmay_pentomino_o4
D:2:      layout_loops_corners, serial_shops, shop, chequers_big_river,
          grunt_decor_resistance, kennysheep_jessica_study, uniq_sigmund

Skill      XL: |  1  2  3 |
---------------+----------+-----
Short Blades   | 1 2 |  2.0
Earth Magic    | 3 |  3.0
Dodging        | |  2.2
Stealth        | |  1.6
Spellcasting   | |  1.4
Transmutations | |  0.9

Action                   || total
-------------------------++-------
Melee: Unarmed           ||     7
       Short sword       ||    75
       Headbutt          ||     4
Throw: Stone             ||     1
 Cast: Sandblast         ||    20
 Stab: Sleeping          ||     2
Armor: Robe              ||    29
Dodge: Dodged            ||    61

Table legend: (Time is in decaauts)
 A = Elapsed time spent in this place.
 B = Non-inter-level travel time spent in this place.
 C = Inter-level travel time spent in this place.
 D = Time resting spent in this place.
 E = Time spent auto-exploring this place.
 F = Levels seen in this place.
 G = Mean time per level.
                   A        B        C        D        E       F      G
               +--------+--------+--------+--------+--------+-----+--------+
         Total |   1909 |   1873 |     36 |      0 |   1606 |   2 |  954.5 |
       Dungeon |   1909 |   1873 |     36 |      0 |   1606 |   2 |  954.5 |
               +--------+--------+--------+--------+--------+-----+--------+

Top non-repeatable levels by time:
     D:1: 1631 daAuts
     D:2: 277 daAuts
